 Dungeon Crawl Stone Soup version 0.31-a0-981-geadf994542 (webtiles) character file.

Game seed: 6427429596539029338

51 BinkBink the Ducker (level 3, -2/30 HPs)
             Began as a Merfolk Monk on Nov 1, 2023.
             Was an Initiate of Ashenzari.
             Slain by an iguana (8 damage)
             ... on level 4 of the Dungeon.
             The game lasted 00:03:44 (1515 turns).

BinkBink the Ducker (Merfolk Monk)                  Turns: 1515, Time: 00:03:45

Health: -2/30      AC:  4    Str: 13    XL:     3   Next: 83%
Magic:  3/3        EV: 13    Int:  9    God:    Ashenzari [......]
Gold:   91         SH:  4    Dex: 16    Spells: 2/2 levels left

rFire   . . .        a - +0 spear
rCold   . . .        u - +0 buckler
rNeg    . . .        b - +0 robe
rPois   .            r - +0 helmet
rElec   .            (no cloak)
rCorr   .            t - +0 pair of gloves
SInv    .            (no boots)
Will    +....        (no amulet)
Stlth   +            j - ring of willpower
HPRegen 0.25/turn    (no ring)
MPRegen 0.08/turn

%: no passive effects
@: no status effects
A: (nimble swimmer 2), mertail
a: Renounce Religion, Curse Item


You were on level 4 of the Dungeon.
You worshipped Ashenzari.
Ashenzari was noncommittal.
You visited 1 branch of the dungeon, and saw 4 of its levels.

You collected 91 gold pieces.

Inventory:

Hand Weapons
 a - a +0 spear (weapon)
Armour
 b - a +0 robe (worn)
 d - an orb of light
 r - a +0 helmet (worn)
 t - a +0 pair of gloves (worn)
 u - a +0 buckler (worn)
Jewellery
 j - a ring of willpower (left hand)
Wands
 s - a wand of paralysis (4)
Scrolls
 g - a scroll of teleportation {unknown}
 k - 2 scrolls of noise {unknown}
 l - 2 scrolls of enchant armour {unknown}
 n - a scroll of identify {unknown}
 p - a scroll of revelation {unknown}
Potions
 c - a potion of ambrosia
 e - a potion of curing {unknown}
 f - a potion of invisibility {unknown}
 h - 3 potions of haste {unknown}
 i - a potion of brilliance {unknown}
 m - a potion of enlightenment {unknown}
 o - a potion of heal wounds {unknown}
 q - a potion of degeneration {unknown}


   Skills:
 + Level 4.0 Fighting
 + Level 4.8 Polearms
 + Level 4.8 Dodging


You had 2 spell levels left.
You didn't know any spells.
Your spell library was empty.

Dungeon Overview and Level Annotations

Branches:
Dungeon (4/15)
 Temple: D:4-7

Altars:
Ashenzari


Innate Abilities, Weirdness & Mutations

((You are very nimble when in or above water. (Stealth+, EV+, Speed+++)))
Your lower body shifts to a powerful aquatic tail in water.


Message History

You kill the kobold!
No target in view!
No target in view!
Found a scroll labelled UQEHER VOTA.
Things that are here:
a +0 club; an adder corpse An iguana and a hobgoblin come into view.
The iguana hisses angrily.
The hobgoblin shouts!
You see here a +0 buckler.
u - a +0 buckler An ogre comes into view.
It is wielding a +0 giant club.
Things that are here:
a +0 club; an adder corpse You start removing your armour.
You continue taking off your orb of light. x4
The iguana bites you but does no damage.
You finish taking off your orb of light.
Unknown command.
The iguana bites you.
You start putting on your armour.
You continue putting on your +0 buckler.
The ogre shouts!
You hear a shout!
You hear a bark!
The iguana bites you!
You continue putting on your +0 buckler.
The iguana barely misses you.
You continue putting on your +0 buckler.
The iguana bites you but does no damage.
You continue putting on your +0 buckler.
The iguana closely misses you.
You finish putting on your +0 buckler.
You hit the iguana.
The iguana is lightly wounded.
The iguana bites you!
* * * LOW HITPOINT WARNING * * *
A jackal comes into view.
The iguana attacks as it pursues you! The iguana completely misses you.
You hear the slow rusting of a very distant drain.
The iguana attacks as it pursues you! The iguana closely misses you.
The iguana attacks as it pursues you! The iguana bites you!
You die...

####### #### #.# .......
#..# #.# .......####..#
###.#### ........#.#.####
#......#
..hK...g)#.#gO.###.#.##.#
O.......#O#.##.l@..#.##.#
...g...####..#####.#.##.#
......? #..# #.#.##.#
####### #### #<....>#
###.#### #.# #.# #.# ..#


You could see an ogre, an iguana and a hobgoblin.

Vanquished Creatures
  2 adders
  A worm (D:3)
  A dart slug (D:1)
  An orc (D:3)
  An endoplasm (D:4)
  2 giant cockroaches
  2 goblins (D:1)
  4 hobgoblins
  2 quokkas (D:1)
  A ball python (D:1)
  2 bats
  4 kobolds
  5 rats
28 creatures vanquished.

Notes
Turn   | Place    | Note
-------+----------+-------------------------------------------
     0 | D:1      | BinkBink the Merfolk Monk began the quest for the Orb.
     0 | D:1      | Reached XP level 1. HP: 18/18 MP: 1/1
   119 | D:1      | Reached XP level 2. HP: 23/24 MP: 2/2
   230 | D:1      | Found a faded altar of an unknown god.
   240 | D:1      | Prayed at the altar of an unknown god.
   240 | D:1      | Became a worshipper of Ashenzari the Shackled
   353 | D:2      | Reached XP level 3. HP: 19/30 MP: 3/3
   449 | D:2      | You fall into a shaft and drop 1 floor!
  1495 | D:4      | Noticed an ogre
  1515 | D:4      | Slain by an iguana

Illustrated notes

Levels and vault maps discovered:
D:1:      lemuel_arrival_broad_hall, layout_rooms,
          hellmonk_ecumenical_altar_leap_of_faith
D:2:      layout_basic, lemuel_flame_loot_1
D:3:      layout_basic, serial_forest, infiniplex_forest_clump_long,
          infiniplex_forest_corner_1, infiniplex_forest_side_room,
          infiniplex_forest_lined_2, infiniplex_forest_side_room
D:4:      layout_loops_cross, minmay_temple_entry_mini_moons,
          hellmonk_ghost_happy_afterlife, lightli_sewer_entry_pipes,
          fountainhead, wad_rectangle_vault

Skill      XL: |  1  2  3 |
---------------+----------+-----
Fighting       | 4 |  4.0
Polearms       | |  4.8
Dodging        | |  4.8

Action                     || total
---------------------------++-------
  Melee: Spear             ||    95
 Armour: Robe              ||    29
  Dodge: Dodged            ||    35

Table legend: (Time is in decaauts)
 A = Elapsed time spent in this place.
 B = Non-inter-level travel time spent in this place.
 C = Inter-level travel time spent in this place.
 D = Time resting spent in this place.
 E = Time spent auto-exploring this place.
 F = Levels seen in this place.
 G = Mean time per level.
                   A        B        C        D        E       F      G
               +--------+--------+--------+--------+--------+-----+--------+
         Total |   1502 |   1375 |    127 |     21 |   1135 |   4 |  375.5 |
       Dungeon |   1502 |   1375 |    127 |     21 |   1135 |   4 |  375.5 |
               +--------+--------+--------+--------+--------+-----+--------+

Top non-repeatable levels by time:
     D:3: 1005 daAuts
     D:1: 335 daAuts
     D:2: 108 daAuts
     D:4: 53 daAuts
